 Dungeon Crawl Stone Soup version 0.17-a0-1570-g74b7129 (webtiles) character file.

6426 urechis the Grappler (level 10, -12/91 HPs)
             Began as a Troll Monk on July 23, 2015.
             Killed from afar by an electric eel (16 damage)
             ... with a bolt of electricity
             ... on level 9 of the Dungeon.
             The game lasted 00:20:20 (8530 turns).

urechis the Grappler (Troll Monk)                   Turns: 8530, Time: 00:20:20

Health: -12/91     AC: 10    Str: 24    XL:     10   Next: 67%
Magic:  9/9        EV: 12    Int:  6    God:
Gold:   714        SH:  0    Dex: 11    Spells: 0 memorised, 9 levels left

rFire  . . .     SeeInvis .       - Unarmed
rCold  . . .     Clarity  .     a - +0 robe
rNeg   + . .     SustAt   +     (no shield)
rPois  .         Gourm    +     (helmet restricted)
rElec  .         Spirit   .     w - +0 cloak
rCorr  .         Warding  .     (gloves unavailable)
rMut   .         Stasis   .     (boots unavailable)
MR     .....                    (no amulet)
Stlth  +.........               R - ring of sustain attributes
                                p - ring of positive energy

@: not resistant to hostile enchantments, very unstealthy
A: unfitting armour, claws 3, horns 1, talons 1, rough black scales 1, fast
metabolism 3, frail 1, gourmand, regeneration 2, shaggy fur 1, tough skin 2
a: no special abilities


You were on level 9 of the Dungeon.
You were very full.

You visited 2 branches of the dungeon, and saw 10 of its levels.
You also visited: Ossuary.

You collected 714 gold pieces.

Inventory:

Missiles
 r - 19 poisoned needles
 u - 16 tomahawks (quivered)
 A - 3 tomahawks of returning
Armour
 a - a +0 robe (worn)
 w - a +0 cloak (worn)
Jewellery
 p - a ring of positive energy (left claw)
 R - a ring of sustain attributes (right claw)
Magical devices
 S - a wand of lightning (6)
Scrolls
 d - 4 scrolls of remove curse {unknown}
 e - 11 scrolls of identify {unknown}
 g - 3 scrolls of random uselessness {unknown}
 h - 4 scrolls of teleportation {unknown}
 i - 2 scrolls of magic mapping {unknown}
 o - 2 scrolls of recharging {unknown}
 s - a scroll of amnesia {unknown}
 x - a scroll of fog {unknown}
 y - a scroll of noise {unknown}
 z - a scroll of enchant armour {unknown}
 D - a scroll of blinking {unknown}
 E - a scroll of fear {unknown}
 F - 2 scrolls of enchant weapon {unknown}
 G - 4 scrolls of immolation {unknown}
 N - a scroll of holy word {unknown}
Potions
 j - 4 potions of magic {unknown}
 k - 3 potions of lignification {unknown}
 m - 3 potions of curing
 n - 3 potions of cure mutation {unknown}
 q - a potion of invisibility {unknown}
 t - 3 potions of agility {unknown}
 v - 2 potions of brilliance {unknown}
 B - 2 potions of haste {unknown}
 C - a potion of cancellation {unknown}
 I - 8 potions of degeneration {unknown}
 J - 6 potions of poison {unknown}
 K - 2 potions of heal wounds {unknown}
 L - 3 potions of mutation {unknown}
 M - a potion of ambrosia {unknown}
 O - a potion of flight {unknown}
 P - a potion of might {unknown}
Comestibles
 b - 11 bread rations
 c - 8 meat rations
 f - 12 fruits
 l - a slice of pizza
 H - 2 beef jerkies


   Skills:
 + Level 7.5 Fighting
 + Level 6.1 Dodging
 - Level 1.1 Stealth
 * Level 12.5 Unarmed Combat


You had 9 spell levels left.
You didn't know any spells.

Dungeon Overview and Level Annotations

Branches:
Dungeon (9/15)             Temple (1/1) D:7
   Lair: D:8-11         Orc: D:9-12

Altars:
Ashenzari
Dithmenos
Elyvilon
Fedhas
Gozag
Kikubaaqudgha
Makhleb
Nemelex Xobeh
Okawaru
Qazlal
Ru
Sif Muna
Trog
Vehumet
Xom
Yredelemnul
Zin
The Shining One


Innate Abilities, Weirdness & Mutations

You are too large for most types of armour.
You have claws for hands.
Your metabolism is lightning-fast.
You like to eat raw meat.
You heal very quickly.
You are covered in fur (AC +1).
You have very tough skin (AC +2).
You have a pair of small horns on your head.
You have sharp toenails.
You are partially covered in rough black scales (AC +4, Dex -1).
You are frail (-10% HP).


Message History

* * * LOW HITPOINT WARNING * * *
The electric eel shoots out a bolt of lightning at you!
The bolt of electricity misses the electric eel.
The bolt of electricity misses you.
Drink which item? (? for menu, Esc to quit)
You feel better.
The electric eel shoots out a bolt of lightning at you!
The bolt of electricity hits you!
* * * LOW HITPOINT WARNING * * *
The electric eel shoots out a bolt of lightning at you!
The bolt of electricity hits the electric eel.
The electric eel completely resists.
The bolt of electricity hits you!
* * * LOW HITPOINT WARNING * * *
The electric eel shoots out a bolt of lightning at you!
The bolt of electricity hits you!
* * * LOW HITPOINT WARNING * * *
The electric eel shoots out a bolt of lightning at you!
The bolt of electricity hits the electric eel.
The electric eel completely resists.
The bolt of electricity hits you!
You die...

..##.#
≈≈≈≈≈≈≈.(...# ..#
..
≈≈≈≈≈≈≈?(...####
..# ##
≈≈≈≈≈≈≈.........
..#
≈≈≈≈≈;;)........
..#
≈≈≈≈≈≈;.........#
..#
#≈≈≈≈≈#.........#
..#
##≈≈≈##.........#
..####+## ##≈#
#.........
†.......# ##
#@........
'#...(..#
##########
........#
........# ###
..).....###≈##
........##≈≈≈##
....#####≈≈≈≈≈#
...).)..≈≈≈≈≈≈#
'#####....≈≈≈≈#


You could see 2 electric eels.

Vanquished Creatures
  Erolcha (D:8)
  An unseen horror (D:9)
  The ghost of urechis the Grappler, an experienced TrMo (D:6)
  Pikel (D:6)
  Joseph (D:7)
  A troll (D:9)
  Sigmund (D:5)
  A hippogriff (D:8)
  Menkaure (D:7)
  2 slaves (D:6)
  2 orc warriors
  A necrophage (D:7)
  2 sky beasts
  3 black bears
  2 ogres
  5 centaurs
  4 big kobolds (D:8)
  Blork the orc (D:5)
  A gnoll sergeant (D:6)
  A scorpion (D:7)
  4 giant frogs
  4 electric eels (D:9)
  3 wights (D:9)
  2 centaur zombies (Ossuary)
  4 crimson imps
  A jelly (D:9)
  Crazy Yiuf (D:4)
  An orc priest (D:8)
  A giant frog skeleton (D:6)
  2 hounds
  2 human zombies (Ossuary)
  An iguana (D:6)
  3 worker ants
  9 orc wizards
  2 mummies (Ossuary)
  A worker ant zombie (D:5)
  11 gnolls
  5 adders
  3 oozes
  2 worms
  2 adder zombies (D:7)
  An adder skeleton (D:8)
  4 giant geckos
  38 orcs
  19 bats
  5 giant cockroaches
  14 hobgoblins
  23 jackals
  22 kobolds
  3 ball pythons
  A giant gecko zombie (D:5)
  3 giant newts
  3 gnoll zombies
  16 goblins
  2 goblin zombies (Ossuary)
  A kobold zombie (Ossuary)
  12 rats
  A fungus (D:5)
265 creatures vanquished.

Vanquished Creatures (others)
  The ghost of urechis the Grappler, an experienced TrMo (D:7)
  2 slaves (D:6)
  An adder (D:7)
  A bat (D:2)
5 creatures vanquished.

Grand Total: 270 creatures vanquished

Notes
Turn   | Place    | Note
--------------------------------------------------------------
     0 | D:1      | urechis the Troll Monk began the quest for the Orb.
     0 | D:1      | Reached XP level 1. HP: 22/22 MP: 0/0
   467 | D:1      | Reached XP level 2. HP: 29/29 MP: 1/1
   825 | D:2      | Reached XP level 3. HP: 34/36 MP: 2/2
   884 | D:2      | You fall through a shaft!
   901 | D:3      | Reached skill level 5 in Unarmed Combat
   902 | D:3      | Found a burning altar of Makhleb.
   927 | D:2      | Found a blossoming altar of Fedhas.
   951 | D:2      | Found an ancient bone altar of Kikubaaqudgha.
   991 | D:2      | Reached XP level 4. HP: 37/45 MP: 3/3
  1270 | D:2      | Found a basalt altar of Yredelemnul.
  2380 | D:4      | Reached XP level 5. HP: 49/53 MP: 4/4
  2501 | D:4      | Reached skill level 6 in Unarmed Combat
  2874 | D:4      | Found a sacrificial altar of Ru.
  3117 | D:4      | Noticed Crazy Yiuf
  3128 | D:4      | Killed Crazy Yiuf
  3204 | D:5      | Entered Level 5 of the Dungeon
  3218 | D:5      | Noticed Sigmund
  3227 | D:5      | Killed Sigmund
  3227 | D:5      | Reached XP level 6. HP: 59/62 MP: 5/5
  3268 | D:5      | Found a shattered altar of Ashenzari.
  3272 | D:5      | Found an opulent altar of Gozag.
  3277 | D:5      | Found an iron altar of Okawaru.
  3353 | D:5      | Reached skill level 7 in Unarmed Combat
  3458 | D:5      | Noticed an ogre
  3490 | D:5      | Killed an ogre
  3490 | D:5      | Reached XP level 7. HP: 48/70 MP: 6/6
  3666 | D:5      | Noticed Blork the orc
  3674 | D:5      | Killed Blork the orc
  3963 | D:5      | Noticed a centaur
  3973 | D:5      | Killed a centaur
  3973 | D:5      | Reached skill level 8 in Unarmed Combat
  4454 | D:6      | Noticed urechis's ghost (experienced TrMo)
  4457 | D:6      | Noticed Pikel
  4625 | D:6      | Found a shimmering altar of Xom.
  4772 | D:6      | Reached XP level 8. HP: 79/79 MP: 7/7
  4815 | D:6      | Reached skill level 5 in Fighting
  4815 | D:6      | Reached skill level 9 in Unarmed Combat
  4901 | D:6      | Found a sand-covered staircase.
  4911 | Ossuary  | Entered an ossuary
  5322 | D:6      | Found a shimmering altar of Xom.
  5707 | D:6      | Killed Pikel
  5707 | D:6      | Reached skill level 10 in Unarmed Combat
  5878 | D:6      | Reached XP level 9. HP: 37/89 MP: 8/8
  5880 | D:6      | Killed urechis's ghost
  6045 | D:7      | Noticed Menkaure
  6055 | D:7      | Killed Menkaure
  6141 | D:7      | Killed urechis's ghost
  6148 | D:7      | Noticed Joseph
  6160 | D:7      | Killed Joseph
  6160 | D:7      | Reached skill level 11 in Unarmed Combat
  6389 | D:7      | Found a shadowy altar of Dithmenos.
  6671 | D:7      | Found a staircase to the Ecumenical Temple.
  6762 | Temple   | Entered the Ecumenical Temple
  7065 | D:8      | Reached skill level 5 in Dodging
  7342 | D:8      | Reached XP level 10. HP: 92/100 MP: 9/9
  7448 | D:8      | Noticed Erolcha
  7472 | D:8      | Killed Erolcha
  7607 | D:8      | Gained mutation: You have a pair of small horns on your head. [mutagenic meat]
  7608 | D:8      | Gained mutation: You are partially covered in rough black scales (AC +4, Dex -1). [mutagenic meat]
  7609 | D:8      | Gained mutation: You have sharp toenails. [mutagenic meat]
  7611 | D:8      | Gained mutation: You are frail (-10% HP). [mutagenic meat]
  7647 | D:8      | Reached skill level 12 in Unarmed Combat
  7854 | D:8      | Found a deep blue altar of Sif Muna.
  8351 | D:9      | Killed an unseen horror
  8529 | D:9      | HP: 3/91 [electric eel/bolt of electricity (4)]
  8530 | D:9      | Killed from afar by an electric eel

Vault maps used:
D:1:      lemuel_arrival_broad_hall
D:2:      grunt_temple_overflow_growth_and_decay,
          lemuel_zombie_altar_yredelemnul
D:3:      first_bread, makhleb_heckhound_becter
D:4:      lemuel_round_altar, uniq_crazy_yiuf_cottage
D:5:      minmay_thick_lines, minmay_overflow_temple_star_quad,
          minmay_gold_behind_fungi, uniq_blork_the_orc, uniq_sigmund
D:6:      overflow_temple_1_default, nicolae_ossuary_entry_monument, uniq_pikel
D:7:      lemuel_round_altar, lemuel_temple_firewalk, uniq_menkaure, uniq_joseph
D:8:      old_standard_altar, special_room, uniq_erolcha
D:9:      lemuel_slime, lemuel_doored_altar
Temple:   minmay_temple_bridge_c_8
Ossuary:  ossuary_crypta

Action                   |  1- 3 |  4- 6 |  7- 9 | 10-12 || total
-------------------------+-------+-------+-------+-------++-------
Melee: Unarmed           |    75 |   213 |   368 |    96 ||   752
Throw: Throwing net      |       |       |     1 |       ||     1
       Tomahawk          |       |       |     2 |       ||     2
  Use: Potion            |       |       |       |     3 ||     3
 Stab: Sleeping          |     1 |     5 |     1 |     2 ||     9
       Distracted        |       |       |     1 |       ||     1
  Eat: Chunk             |    12 |    23 |    36 |    16 ||    87
       Fruit             |       |       |     1 |       ||     1
